 Dungeon Crawl Stone Soup version 0.30-a0-939-gc8157cb160 (webtiles) character file.

Game seed: 12333048288686655628

240 Iniera the Twirler (level 5, -8/38 HPs)
             Began as a Demonspawn Gladiator on Mar 25, 2023.
             Killed by divine providence
             ... invoked by an orc priest
              (12 damage)
             ... on level 3 of the Dungeon.
             The game lasted 00:03:04 (1587 turns).

Iniera the Twirler (Demonspawn Gladiator)           Turns: 1587, Time: 00:03:05

Health: -8/38      AC: 12    Str: 16    XL:     5   Next: 80%
Magic:  5/5        EV:  7    Int: 10    God:
Gold:   167        SH:  4    Dex: 14    Spells: 4/4 levels left

rFire   . . .      SeeInvis .    a - +0 quarterstaff
rCold   . . .      Faith    +    (shield currently unavailable)
rNeg    . . .      Spirit   .    n - +0 chain mail
rPois   .          Reflect  .    c - +0 helmet
rElec   .          Rampage  .    m - scarf {shadows}
rCorr   .                        (no gloves)
Will    .....                    (no boots) Stlth
                                 g - amulet of faith
HPRegen 0.26/turn                (no ring)
MPRegen 0.09/turn                (no ring)

@: no status effects
A: icy blue scales 2, condensation shield, weakness stinger 1
a: no special abilities


You were on level 3 of the Dungeon.
You visited 1 branch of the dungeon, and saw 3 of its levels.

You collected 167 gold pieces.

Inventory:

Hand Weapons
 a - a +0 quarterstaff (weapon)
Missiles
 d - a throwing net (quivered)
 e - a javelin
Armour
 c - a +0 helmet (worn)
 j - a +0 scale mail
 m - a scarf of shadows (worn)
 n - a +0 chain mail (worn)
Jewellery
 g - an amulet of faith (around neck)
Scrolls
 f - a scroll of amnesia
 k - a scroll of noise {unknown}
 l - a scroll of fear {unknown}
 o - a scroll of enchant armour {unknown}
 p - a scroll of torment {unknown}
 q - a scroll of identify {unknown}
Potions
 b - a potion of attraction {unknown}
 h - a potion of curing {unknown}
 i - a potion of invisibility {unknown}


   Skills:
 - Level 2.0 Fighting
 * Level 6.0 Staves
 - Level 1.7 Throwing
 - Level 2.6 Dodging


You had 4 spell levels left.
You didn't know any spells.
Your spell library contained the following spells:

 Spells                   Type           Power      Damage    Failure   Level
 Apportation              Tloc           0%         N/A       100%        1
 Kiss of Death            Conj/Necr      0%         2d5       100%        1
 Confusing Touch          Hex            0%         N/A       100%        3
 Dispel Undead            Necr           0%         3d6       100%        4
 Alistair's Intoxication  Tmut/Pois      0%         N/A       100%        5


Dungeon Overview and Level Annotations

Branches:
Dungeon (3/15)

Altars:
Cheibriados
Kikubaaqudgha


Innate Abilities, Weirdness & Mutations

You are mostly covered in icy blue scales. (AC +3)
A meltable shield of frost defends you. (SH +4)
You have a small tail.


Message History

You hit the orc priest.
The orc priest is lightly wounded.
The orc priest hits you but does no damage.
You closely miss the orc priest.
The orc priest is lightly wounded.
The orc priest mumbles some strange prayers to Beogh against you.
Pain shoots through your body!
You closely miss the orc priest.
The orc priest is lightly wounded.
The orc priest hits you but does no damage.
Throw: 2 throwing nets
Press: ? - help, Q - select action, (/) - cycle Shift-Dir - straight line, f - orc priest
Aim: an orc priest, wielding a +0 club and wearing a +0 leather armour (lightly wounded, 59% to hit)
You throw a throwing net. The throwing net hits the orc priest.
The orc priest is caught in the net!
The orc priest is lightly wounded.
The orc priest struggles against the net.
The orc priest struggles against the net.
The orc priest mumbles some strange prayers to Beogh against you.
Beogh smites you!
The orc priest struggles against the net.
A kobold comes into view. It is wielding a +0 dagger.
The kobold shouts!
There is a stone staircase leading up here.
You hit the kobold but do no damage. The kobold hits you but does no damage.
You hit the kobold.
Your tail-slap misses the kobold.
The kobold is severely wounded.
You block the kobold's attack.
You closely miss the kobold.
You tail-slap the kobold, but do no damage.
The kobold is severely wounded.
The kobold hits you but does no damage.
You sock the kobold!
You kill the kobold!
The orc priest calls down the wrath of Beogh upon you.
Beogh smites you!
* * * LOW HITPOINT WARNING * * *
The orc priest calls down the wrath of Beogh upon you.
Beogh smites you!
You die...

#...##.##.####
#######.†....##.#
####.......#.###.o.####
.....#####.....#.o....##
######
##.......oo.....##
#................#
#........o.......#
#................#
#........@.....(.#
#.......)........#
#................#
##..............##
.....##.....## #####
#######


You could see 2 orc priests and 3 orcs.

Vanquished Creatures
  Sigmund (D:2)
  An adder (D:2)
  A worm (D:3)
  A dart slug (D:2)
  6 ball pythons
  6 bats
  A bat zombie (D:3)
  5 endoplasms
  3 giant cockroaches
  5 goblins
  3 hobgoblins
  9 jackals
  6 kobolds
  3 quokkas
  2 frilled lizards (D:1)
  7 rats
  3 rat zombies (D:3)
63 creatures vanquished.

Notes
Turn   | Place    | Note
-------+----------+-------------------------------------------
     0 | D:1      | Iniera the Demonspawn Gladiator began the quest for the
                  | Orb.
     0 | D:1      | Reached XP level 1. HP: 16/16 MP: 1/1
    51 | D:1      | Reached skill level 3 in Staves
   169 | D:1      | Gained mutation: You are partially covered in icy blue
                  | scales. (AC +2) [demonic ancestry]
   169 | D:1      | Reached XP level 2. HP: 21/22 MP: 2/2
   624 | D:1      | Gained mutation: A meltable shield of frost defends you.
                  | (SH +4) [demonic ancestry]
   624 | D:1      | Reached XP level 3. HP: 27/27 MP: 3/3
   727 | D:2      | Reached skill level 4 in Staves
   829 | D:2      | Found a snail-covered altar of Cheibriados.
  1117 | D:2      | Noticed Sigmund
  1130 | D:2      | Killed Sigmund
  1131 | D:2      | Reached skill level 5 in Staves
  1131 | D:2      | Gained mutation: You have a small tail. [demonic ancestry]
  1131 | D:2      | Reached XP level 4. HP: 18/33 MP: 4/4
  1131 | D:2      | Gained mutation: You are mostly covered in icy blue scales.
                  | (AC +3) [demonic ancestry]
  1131 | D:2      | Reached XP level 5. HP: 21/38 MP: 5/5
  1366 | D:3      | Reached skill level 6 in Staves
  1478 | D:3      | Found an ancient bone altar of Kikubaaqudgha.
  1587 | D:3      | Killed from afar by an orc priest

Illustrated notes

Levels and vault maps discovered:
D:1:      minmay_arrival_pointy, layout_loops_ring, minmay_strange_pillars
D:2:      layout_rooms, basic_altar, minmay_heptomino_d4, uniq_sigmund
D:3:      layout_rooms, lemuel_zombie_altar_kikubaaqudgha,
          mainiacjoe_overflow_small_starburst, kennysheep_generic_room_10

Skill      XL: |  1  2  3  4  5 |
---------------+----------------+-----
Staves         | 3 5 6 |  6.0
Fighting       | |  2.0
Throwing       | |  1.7
Dodging        | |  2.6

Action                     |  1- 3 |  4- 6 || total
---------------------------+-------+-------++-------
  Melee: Quarterstaff      |   104 |    32 ||   136
         Tailslap          |       |     8 ||     8
  Throw: Throwing net      |     1 |     1 ||     2
    Use: Scroll            |     3 |       ||     3
   Stab: Held in net/web   |     2 |       ||     2
 Armour: Leather armour    |     5 |       ||     5
         Scale mail        |    42 |       ||    42
         Chain mail        |     8 |    16 ||    24
  Dodge: Dodged            |    65 |     8 ||    73
  Block: Other             |     7 |     3 ||    10

Table legend: (Time is in decaauts)
 A = Elapsed time spent in this place.
 B = Non-inter-level travel time spent in this place.
 C = Inter-level travel time spent in this place.
 D = Time resting spent in this place.
 E = Time spent auto-exploring this place.
 F = Levels seen in this place.
 G = Mean time per level.
                   A        B        C        D        E       F      G
               +--------+--------+--------+--------+--------+-----+--------+
         Total |   1598 |   1516 |     82 |      0 |   1108 |   3 |  532.7 |
       Dungeon |   1598 |   1516 |     82 |      0 |   1108 |   3 |  532.7 |
               +--------+--------+--------+--------+--------+-----+--------+

Top non-repeatable levels by time:
     D:1: 693 daAuts
     D:2: 622 daAuts
     D:3: 282 daAuts
